 Dungeon Crawl Stone Soup version 0.18.1-8-gdd0e5ea (webtiles) character file.

846 juanjsm the Changer (level 8, 0/57 HPs)
             Began as an Octopode Transmuter on June 7, 2016.
             Was a Believer of Cheibriados.
             Slain by a killer bee (5 damage)
             ... on level 5 of the Dungeon.
             The game lasted 00:25:28 (5938 turns).

juanjsm the Changer (Octopode Transmuter)           Turns: 5938, Time: 00:25:29

Health: 0/57       AC:  6    Str: 14    XL:     8   Next: 0%
Magic:  5/13       EV: 12    Int: 23    God:    Cheibriados [**....]
Gold:   220        SH:  0    Dex: 17    Spells: 4 memorised, 1 level left

rFire  x . .     SeeInvis .       - Unarmed
rCold  + + +     Gourm    .     (shield currently unavailable)
rNeg   . . .     Faith    .     (helmet currently unavailable)
rPois  +         Spirit   .     (no amulet)
rElec  .         Dismiss  .     d - ring of wizardry
rCorr  .         Reflect  .     s - ring of sustain attributes
SustAt +         Harm     .     (no ring)
MR     .....     Rnd*Rage +     (no ring)
Stlth  +++.......               (no ring)
                                (no ring)
                                (no ring)
                                (no ring)

@: ice-form, very slightly contaminated, very slow, not resistant to hostile
enchantments, fairly stealthy
A: almost no armour, amphibious, 8 rings, (constrict 8), (antennae 0),
(camouflage 0), berserk 1, wild magic 1, (gelatinous body 0)
a: End Transformation, Bend Time, Renounce Religion


You were on level 5 of the Dungeon.
You worshipped Cheibriados.
Cheibriados was pleased with you.
You were not hungry.
You were a creature of crystalline ice.
You visited 2 branches of the dungeon, and saw 7 of its levels.

You collected 220 gold pieces.

Inventory:

Hand Weapons
 e - a cursed -2 dagger
 f - a cursed +0 whip
 k - a +1 blowgun
 u - a +0 hunting sling
Missiles
 a - 97 arrows
 g - 100 stones (quivered)
 q - 9 poisoned needles
 E - 3 silver javelins
Armour
 B - a +1 buckler
Jewellery
 d - a ring of wizardry (left front paw)
 s - a ring of sustain attributes (right front paw)
Wands
 t - a wand of confusion (19/48)
 v - a wand of flame (13/48)
Scrolls
 h - 2 scrolls of teleportation
 j - a scroll of enchant armour
 l - 2 scrolls of remove curse
 n - a scroll of enchant weapon
 F - a scroll of identify
Potions
 r - a potion of magic
 z - a potion of lignification
Books
 b - a book of Changes

   Spells                             Type                      Level
   a - Beastly Appendage              Transmutation                1
   b - Sticks to Snakes               Transmutation                2
   c - Spider Form                    Transmutation/Poison         3
   d - Ice Form                       Ice/Transmutation            4
   e - Blade Hands                    Transmutation                5
Comestibles
 c - 3 bread rations
 o - a slice of pizza
 w - 4 fruits
 x - a royal jelly
 A - 3 meat rations
 C - a beef jerky


   Skills:
 - Level 1.1 Fighting
 - Level 3.5 Dodging
 + Level 4.1 Stealth
 * Level 2.0 Shields
 + Level 4.4 Unarmed Combat
 + Level 3.8 Spellcasting
 * Level 4.7 Transmutations
 + Level 0.4 Ice Magic
 - Level 0.5 Poison Magic
 + Level 0.2 Invocations
 * Level 2.0 Evocations


You had one spell level left.
You knew the following spells:

 Your Spells              Type           Power        Failure   Level  Hunger
a - Beastly Appendage     Trmt           ####..       1%          1    None
b - Spider Form           Trmt/Pois      ###.......   7%          3    ###....
c - Ice Form              Ice/Trmt       ###.....     21%         4    ####...
d - Blade Hands           Trmt           ####......   26%         5    ######.


Dungeon Overview and Level Annotations

Branches:
Dungeon (6/15)             Temple (1/1) D:4

Altars:
Ashenzari
Cheibriados
Dithmenos
Elyvilon
Fedhas
Gozag
Kikubaaqudgha
Makhleb
Okawaru
Pakellas
Qazlal
Ru
Sif Muna
Vehumet
Xom
Yredelemnul
Zin
The Shining One

Annotations:
D:6 georgeearnest's ghost, novice GrMo


Innate Abilities, Weirdness & Mutations

You cannot wear most types of armour.
You are amphibious.
You can wear up to eight rings at the same time.
((You can use your tentacles to constrict eight enemies at once.))
((Your skin changes colour to match your surroundings (Stealth).))
((Your rubbery body absorbs attacks (AC +1).))
((You have a pair of small antennae on your head.))
You tend to lose your temper in combat.
Your spells are a little harder to cast, but a little more powerful.


Message History

You feel sick. The killer bee barely misses you. The killer bee stings you. x3
The killer bee closely misses you.
You closely miss the killer bee.
The killer bee is heavily wounded.
You feel sick. The killer bee barely misses you.
The killer bee closely misses you. The killer bee stings you!
* * * LOW HITPOINT WARNING * * *
The killer bee stings you.
* * * LOW HITPOINT WARNING * * *
The killer bee stings you.
* * * LOW HITPOINT WARNING * * *
You are more poisoned.
The killer bee poisons you! The killer bee barely misses you.
Drink which item? (? for menu, Esc to quit)
You feel better. The killer bee stings you.
* * * LOW HITPOINT WARNING * * *
The killer bee closely misses you. The killer bee stings you.
* * * LOW HITPOINT WARNING * * *
The killer bee stings you.
You die...

#.##.####.............
#....# #.........#.##
#########
#.#######.........#.##
#.......# #.#
#............#..#
#.......# #.#
#.##.........##.#
#....#### ###
##.#############.#
#....# # ###
#...######### #..
#....#
§.§.§y#y..#.§.§.§##
###. #....#
._...yyY..'...._.#A
#... ####.#
§.§.§.#y..#.§.§.§##
##.# ##.# # ###
#...######### #..
#..############.##
######
#............#..# #.#
# #..............##
#.# # #............###
#.#### #............#
#.##.. #............#
#.##.#


You could see 5 killer bees.

Vanquished Creatures
  An ogre (D:5)
  2 scorpions
  A howler monkey (D:5)
  A crimson imp (D:5)
  An orc priest (D:4)
  2 centaur skeletons
  A giant frog zombie (D:5)
  A gnoll shaman (D:5)
  Terence (D:2)
  3 worker ants (D:5)
  18 gnolls
  5 adders
  A worm (D:2)
  A dart slug (D:3)
  4 giant geckos
  14 orcs
  A ball python (D:4)
  3 giant cockroaches
  13 goblins
  7 hobgoblins
  17 jackals
  A quokka (D:4)
  7 bats
  A giant gecko zombie (D:5)
  7 giant newts
  15 kobolds
  A quokka skeleton (D:4)
  7 rats
137 creatures vanquished.

Notes
Turn   | Place    | Note
--------------------------------------------------------------
     0 | D:1      | juanjsm the Octopode Transmuter began the quest for the Orb.
     0 | D:1      | Reached XP level 1. HP: 13/13 MP: 3/3
   137 | D:1      | Reached XP level 2. HP: 13/18 MP: 3/5
   502 | D:1      | Reached skill level 1 in Stealth
   648 | D:1      | Reached XP level 3. HP: 16/23 MP: 4/6
   744 | D:1      | Learned a level 3 spell: Spider Form
   863 | D:2      | Noticed Terence
   879 | D:2      | Killed Terence
   879 | D:2      | Reached XP level 4. HP: 3/28 MP: 2/7
  1813 | D:3      | Reached XP level 5. HP: 32/33 MP: 5/9
  2926 | D:3      | Reached XP level 6. HP: 38/38 MP: 8/10
  2961 | D:3      | Learned a level 4 spell: Ice Form
  3049 | D:3      | Found a shattered altar of Ashenzari.
  3088 | D:5      | Entered Level 5 of the Dungeon
  3105 | D:4      | Found a staircase to the Ecumenical Temple.
  3128 | Temple   | Entered the Ecumenical Temple
  3137 | Temple   | Became a worshipper of Cheibriados the Contemplative
  4287 | D:4      | Reached * piety under Cheibriados
  4789 | D:4      | Found an opulent altar of Gozag.
  4882 | D:4      | Reached skill level 1 in Shields
  5008 | D:5      | Gained mutation: You expend magic power (3 MP) to strengthen your wands. [potion of mutation]
  5008 | D:5      | Gained mutation: Your spells are a little harder to cast, but a little more powerful. [potion of mutation]
  5008 | D:5      | Gained mutation: You tend to lose your temper in combat. [potion of mutation]
  5024 | D:5      | Reached XP level 7. HP: 22/43 MP: 7/12
  5105 | D:6      | Noticed georgeearnest's ghost (novice GrMo)
  5274 | D:5      | Reached ** piety under Cheibriados
  5279 | D:5      | Reached skill level 1 in Evocations
  5297 | D:5      | HP: 2/64 [gnoll/halberd (7)]
  5611 | D:5      | Lost mutation: You expend magic power (3 MP) to strengthen your wands. [potion of mutation]
  5611 | D:5      | Gained mutation: You have a pair of small antennae on your head. [potion of mutation]
  5649 | D:5      | Found a basalt altar of Yredelemnul.
  5651 | D:5      | Noticed a profane servitor
  5679 | D:5      | Found a shadowy altar of Dithmenos.
  5680 | D:5      | Found a white marble altar of Elyvilon.
  5839 | D:5      | Reached XP level 8. HP: 48/48 MP: 8/13
  5846 | D:5      | Learned a level 5 spell: Blade Hands
  5932 | D:5      | Found a glowing golden altar of the Shining One.
  5938 | D:5      | Slain by a killer bee

Skill      XL: |  1  2  3  4  5  6  7 |
---------------+----------------------+-----
Stealth        | 1 3 4 |  4.1
Dodging        | 3 |  3.5
Spellcasting   | 3 |  3.8
Transmutations | 3 4 |  4.7
Shields        | 1 2 |  2.0
Unarmed Combat | 4 |  4.4
Evocations     | 2 |  2.0
Fighting       | |  1.1
Ice Magic      | |  0.4
Poison Magic   | |  0.5
Invocations    | |  0.2

Action                   |  1- 3 |  4- 6 |  7- 9 || total
-------------------------+-------+-------+-------++-------
Melee: Unarmed           |    55 |   228 |    67 ||   350
       Constrict         |    11 |    43 |     2 ||    56
       Tentacles         |     6 |    22 |     4 ||    32
       Kick              |     6 |    32 |     1 ||    39
       Punch             |     1 |     4 |       ||     5
 Cast: Beastly Appendage |    15 |    40 |     5 ||    60
       Spider Form       |     1 |    10 |     2 ||    13
       Ice Form          |       |       |     4 ||     4
Invok: Bend Time         |       |       |     1 ||     1
  Use: Potion            |     2 |     3 |     4 ||     9
       Scroll            |       |     6 |     6 ||    12
 Stab: Sleeping          |     3 |    16 |       ||    19
  Eat: Chunk             |       |    13 |     1 ||    14
       Pizza             |       |       |     2 ||     2
Armor: Skin              |     7 |    13 |    27 ||    47
Dodge: Dodged            |    30 |   185 |    56 ||   271
